[Event "Titled Tuesday Blitz March 22 Early 2022"]
[White "Urazayev, Arystanbek"]
[Black "Rastbod, Ali"]
[WhiteFideId "13709810"]
[BlackFideId "12567477"]
[WhiteElo "2393"]
[BlackElo "2200"]
[Result "0-1"]
[Round "07"]
[TimeControl "180+1"]
[Date "2022.03.22"]
[WhiteClock "0:00:09"]
[BlackClock "0:00:05"]

1. e4 e6 2. d4 d5 3. Nc3 Bb4 4. Ne2 Nc6 5. a3 Ba5 6. b4 Bb6 7. Be3 dxe4 8. Nxe4 Nf6 9. Nxf6+ Qxf6 10. c3 O-O 11. Ng3 e5 12. d5 Rd8 13. Bc4 Ne7 14. O-O Be6 15. dxe6 Rxd1 16. exf7+ Kf8 17. Raxd1 c6 18. Ne4 Qg6 19. Ng5 Nd5 20. Rxd5 cxd5 21. Bxd5 Bxe3 22. Ne6+ Ke7 23. fxe3 Qd3 24. e4 Rf8 25. Nxf8 Kxf8 26. c4 b6 27. b5 Qxa3 28. h3 Qc5+ 29. Kh2 g6 30. Ra1 Qe3 31. Rd1 Qf4+ 32. Kh1 Qe3 33. Be6 Kg7 34. Rd8 Qc1+ 35. Kh2 Qf4+ 36. Kg1 Qc1+ 37. Kf2 Qf4+ 38. Ke2 Qxe4+ 39. Kd2 Qf4+ 40. Kc2 Qf2+ 41. Rd2 Qe3 42. Rd3 Qe2+ 43. Kc3 e4 44. Rd8 Qe3+ 45. Kb4 Qc5+ 46. Ka4 e3 47. f8=Q+ Qxf8 48. Rxf8 e2 49. Rf7+ Kh6 50. Bd5 e1=Q 51. Kb3 Qb1+ 52. Kc3 Qc1+ 53. Kd4 Qd2+ 54. Ke5 Qe3+ 55. Kd6 Qg3+ 56. Kc6 Kg5 57. Kb7 Qa3 58. Rxh7 Qa5 59. Rf7 Kh6 60. g3 Kg5 61. Rf4 Kh6 62. h4 Qb4 63. Rf7 Qd6 64. Kxa7 Qxg3 65. Kxb6 Qxh4 66. c5 Qd8+ 67. Kc6 Qa8+ 68. Rb7 g5 69. b6 g4 70. Kb5 Qe8+ 71. Bc6 Qe2+ 72. Ka5 Qa2+ 73. Ba4 Qd2+ 74. Ka6 Qd3+ 75. Bb5 Qa3+ 76. Ba4 Qxa4# 0-1


[Site "https://www.chess.com"]

[Event "Titled Tuesday Blitz March 22 Early 2022"]
[White "Valle Maytin, Luis Enrique"]
[Black "Dilmukhametov, Artur"]
[WhiteFideId "3503666"]
[BlackFideId "24179922"]
[WhiteElo "2212"]
[BlackElo "2237"]
[Result "1-0"]
[Round "07"]
[TimeControl "180+1"]
[Date "2022.03.22"]
[WhiteClock "0:02:36"]
[BlackClock "0:00:39"]

1. e4 e6 2. d4 d5 3. Bd3 dxe4 4. Bxe4 Nc6 5. Ne2 Nf6 6. Bf3 Bb4+ 7. c3 Be7 8. O-O Bd7 9. Re1 O-O 10. Be3 e5 11. g3 exd4 12. Nxd4 Nxd4 13. Bxd4 Rb8 14. Nd2 b6 15. Qb3 Be6 16. Qc2 g6 17. Bg2 c5 18. Be5 Bd6 19. Nf3 Bxe5 20. Nxe5 Qd6 21. Rad1 Qe7 22. Nc6 Qc7 23. Nxb8 Rxb8 24. a3 Rd8 25. Rxd8+ Qxd8 26. Rd1 Qe7 27. Qd2 Kg7 28. Qd6 Qxd6 29. Rxd6 Ne8 30. Rd8 Nf6 31. Ra8 a5 32. Ra6 Nd7 33. Bc6 b5 34. Bxb5 a4 35. Bxd7 Bxd7 36. Rd6 Bb5 37. Rb6 Be8 38. Rb8 Bd7 39. Rd8 Bc6 40. Rc8 Be4 41. Rxc5 f5 42. Rc4 Bc2 43. Rb4 Bb3 44. c4 Kf6 45. c5 Ke7 46. Rd4 Ke6 47. c6 Bd5 48. c7 Bb7 49. Rd8 Ke7 50. c8=Q Bxc8 51. Rxc8 Kd6 52. Rc4 Kd5 53. Rxa4 Kc5 54. Ra7 Kb6 55. Rxh7 Kb5 56. Rh6 g5 57. Rg6 g4 58. Rg5 Kc4 59. Rxf5 Kb3 60. Rf4 Kxb2 61. Rxg4 Kxa3 62. h4 Kb3 63. h5 Kc3 64. h6 Kd3 65. h7 Kc3 66. h8=Q+ Kc2 67. Qc8+ Kb2 68. Rb4+ Ka3 69. Rb7 Ka4 70. f4 1-0


[Site "https://www.chess.com"]

[Event "Titled Tuesday Blitz March 22 Early 2022"]
[White "Vasquez Schroeder, Rodrigo"]
[Black "Tsydypov, Zhamsaran"]
[WhiteFideId "3400042"]
[BlackFideId "4108566"]
[WhiteElo "2561"]
[BlackElo "2614"]
[Result "1-0"]
[Round "07"]
[TimeControl "180+1"]
[Date "2022.03.22"]
[WhiteClock "0:01:44"]
[BlackClock "0:01:51"]

1. e4 c5 2. Nf3 e6 3. d4 cxd4 4. Nxd4 Nc6 5. Nb5 d6 6. c4 a6 7. N5c3 Nf6 8. Be2 Be7 9. O-O O-O 10. Na3 b6 11. Be3 Bb7 12. Rc1 Rc8 13. Qd2 Nb4 14. f3 d5 15. cxd5 exd5 16. e5 Nd7 17. f4 Bc5 18. Rfd1 Qe7 19. Nc2 Nxc2 20. Rxc2 Rfd8 21. Bxc5 Nxc5 22. Bg4 Rc7 23. Qe3 g6 24. Rcd2 Qh4 25. Qg3 Qxg3 26. hxg3 b5 27. Bf3 d4 28. Rxd4 Rxd4 29. Rxd4 Ne6 30. Rd2 b4 31. Nd5 Bxd5 32. Bxd5 Rc1+ 33. Kf2 Nc5 34. Ke3 a5 35. g4 a4 36. f5 g5 37. Kd4 h6 38. Bc4 Nd7 39. e6 Nf6 40. e7 Re1 41. Re2 Rd1+ 42. Kc5 1-0


[Site "https://www.chess.com"]

[Event "Titled Tuesday Blitz March 22 Early 2022"]
[White "Vishnu, Prasanna. V"]
[Black "Tari, Aryan"]
[WhiteFideId "5030692"]
[BlackFideId "1510045"]
[WhiteElo "2510"]
[BlackElo "2567"]
[Result "0-1"]
[Round "07"]
[TimeControl "180+1"]
[Date "2022.03.22"]
[WhiteClock "0:01:40"]
[BlackClock "0:01:50"]

1. d4 d5 2. c4 e6 3. Nf3 Nf6 4. g3 Bd6 5. Bg2 O-O 6. Nc3 h6 7. Qc2 Nc6 8. a3 dxc4 9. Nb5 Na5 10. Bd2 Bd7 11. a4 a6 12. Na3 Nb3 13. Ra2 b5 14. e4 Bc6 15. e5 Bxf3 16. Bxf3 Nxd4 0-1


[Site "https://www.chess.com"]

[Event "Titled Tuesday Blitz March 22 Early 2022"]
[White "Vogel, Roven"]
[Black "Svane, Rasmus"]
[WhiteFideId "12908088"]
[BlackFideId "4657101"]
[WhiteElo "2516"]
[BlackElo "2645"]
[Result "0-1"]
[Round "07"]
[TimeControl "180+1"]
[Date "2022.03.22"]
[WhiteClock "0:00:44"]
[BlackClock "0:00:02"]

1. d4 Nf6 2. c4 e6 3. Nf3 d5 4. Nc3 a6 5. cxd5 exd5 6. Bg5 Be6 7. e3 Nbd7 8. Bd3 Bd6 9. O-O c6 10. h3 Qc7 11. Qd2 O-O 12. Bf4 Rfe8 13. Ng5 g6 14. Rac1 Nh5 15. Nxe6 Rxe6 16. Nxd5 Qd8 17. Bxd6 Rxd6 18. Nc3 Ndf6 19. Ne4 Nxe4 20. Bxe4 Nf6 21. Bf3 Qe7 22. Qa5 Rad8 23. Rc3 Ne4 24. Bxe4 Qxe4 25. Qb6 R8d7 26. Rc5 h5 27. Re5 Qh4 28. a4 g5 29. Qc5 Rd5 30. Rxd5 Rxd5 31. Qe7 Rf5 32. Qxb7 Rf6 33. Qb8+ Kg7 34. Qe5 g4 35. hxg4 hxg4 36. g3 Qh3 37. Qg5+ Rg6 38. Qh4 Qxh4 39. gxh4 Rh6 40. Kg2 Rxh4 41. Kg3 Rh8 42. Rc1 Rb8 43. Rxc6 Rxb2 44. Rxa6 f5 45. a5 Ra2 46. f3 gxf3 47. Kxf3 Ra3 48. Kf4 Kf7 49. Rc6 Rxa5 50. Rc5 Ra1 51. Rxf5+ Ke6 52. Ke4 Re1 53. Rh5 Rg1 54. Rh6+ Kd7 55. Ra6 Rg5 56. Kd3 0-1


[Site "https://www.chess.com"]

[Event "Titled Tuesday Blitz March 22 Early 2022"]
[White "Voit, Daria"]
[Black "Krzywda, Andrzej"]
[WhiteFideId "4182146"]
[BlackFideId "1114565"]
[WhiteElo "2323"]
[BlackElo "2098"]
[Result "0-1"]
[Round "07"]
[TimeControl "180+1"]
[Date "2022.03.22"]
[WhiteClock "0:00:49"]
[BlackClock "0:00:24"]

1. d4 Nf6 2. Bg5 d5 3. e3 e6 4. Bd3 Be7 5. c3 O-O 6. h4 b6 7. h5 h6 8. Bf4 Ba6 9. Bc2 Ne4 10. Nd2 f5 11. Nxe4 fxe4 12. f3 Bg5 13. g3 Bxf4 14. gxf4 Nc6 15. fxe4 Ne7 16. e5 Nf5 17. Rh3 c5 18. Qg4 Rc8 19. O-O-O Qe7 20. Bxf5 exf5 21. Qg6 cxd4 22. Rxd4 Bc4 23. Kb1 Qd7 24. Rg3 Rc6 25. Nf3 Rxg6 26. Rxg6 Be2 27. e6 Qe7 28. Rxd5 Bxf3 29. Rd7 Be4+ 30. Kc1 Qxd7 31. exd7 Rd8 32. Rd6 Kf7 33. b3 Ke7 34. Rg6 Rg8 35. c4 Kxd7 36. Kb2 Bf3 37. Kc3 Bxh5 0-1


[Site "https://www.chess.com"]

[Event "Titled Tuesday Blitz March 22 Early 2022"]
[White "Vovk, Orest"]
[Black "Dinu, Dumitru-Daniel"]
[WhiteFideId "14113490"]
[BlackFideId "1208403"]
[WhiteElo "2203"]
[BlackElo "2240"]
[Result "1-0"]
[Round "07"]
[TimeControl "180+1"]
[Date "2022.03.22"]
[WhiteClock "0:01:37"]
[BlackClock "0:00:15"]

1. h4 c5 2. h5 Nc6 3. d3 d5 4. Nc3 Nf6 5. e4 dxe4 6. Nxe4 Nxe4 7. dxe4 Qxd1+ 8. Kxd1 Bg4+ 9. Be2 O-O-O+ 10. Bd2 Bxe2+ 11. Nxe2 e6 12. c3 Be7 13. Kc2 Ne5 14. f3 Nc4 15. Bf4 e5 16. Bc1 h6 17. b3 Nb6 18. Be3 Rd7 19. Rhd1 Rhd8 20. Rxd7 Rxd7 21. c4 Na8 22. Nc3 Nc7 23. Nd5 Nxd5 24. exd5 Bd6 25. Kd3 f5 26. g4 fxg4 27. fxg4 Rf7 28. Ke2 Kd7 29. Rf1 Ke7 30. Rxf7+ Kxf7 31. Kf3 Kf6 32. Ke4 b6 33. a3 Bc7 34. b4 Bd6 35. bxc5 bxc5 36. a4 a6 37. Kf3 Kf7 38. g5 hxg5 39. Bxg5 g6 40. h6 Kg8 41. Ke4 Kh7 42. Be3 Kg8 43. Bc1 Kh7 44. Bg5 Bc7 45. Be7 Kxh6 46. d6 Bb6 47. d7 g5 48. d8=Q Bxd8 49. Bxd8 g4 50. Bh4 Kh5 51. Bg3 Kg5 52. Kxe5 Kg6 53. Kd5 Kf6 54. Kxc5 Kf5 55. Kb6 Ke4 56. Kxa6 Kd4 57. Kb5 1-0


[Site "https://www.chess.com"]

[Event "Titled Tuesday Blitz March 22 Early 2022"]
[White "Vusatiuk, Vladimir"]
[Black "Hamitevici, Vladimir"]
[WhiteFideId "14118610"]
[BlackFideId "13902393"]
[WhiteElo "2157"]
[BlackElo "2359"]
[Result "0-1"]
[Round "07"]
[TimeControl "180+1"]
[Date "2022.03.22"]
[WhiteClock "0:00:10"]
[BlackClock "0:00:10"]

1. e4 e5 2. Nf3 Nc6 3. Bc4 Bc5 4. c3 Nf6 5. d4 exd4 6. e5 d5 7. Bb5 Ne4 8. cxd4 Bb6 9. Nc3 O-O 10. Be3 Bg4 11. h3 Bh5 12. Qc2 Bg6 13. Qb3 Ne7 14. O-O c6 15. Bd3 Nxf2 16. Bxg6 Nxh3+ 17. gxh3 Nxg6 18. Rae1 f6 19. e6 Re8 20. Bf2 Nf4 21. Kh2 Nxe6 22. Qd1 Bc7+ 23. Kh1 Nf4 24. Bg3 Qd7 25. Bxf4 Bxf4 26. Kg2 Qf5 27. Rxe8+ Rxe8 28. Re1 Qg6+ 29. Kf1 Rf8 30. Qe2 Kh8 31. Qg2 Qd3+ 32. Qe2 Qf5 33. Kg2 Qg6+ 34. Kh1 Qh5 35. Qg2 Bh6 36. Qg4 Qf7 37. Qe6 Qg6 38. Qg4 Qc2 39. Rg1 Qxb2 40. Na4 Qe2 41. Nc5 Re8 42. Ne5 Qxg4 43. Nf7+ Kg8 44. Nxh6+ gxh6 45. Rxg4+ Kf7 46. Rg2 b6 47. Nd3 Re4 48. Nb4 Rxd4 49. Nxc6 Ra4 50. Rf2 a6 51. Nb8 Ke6 52. Rb2 b5 53. Rc2 Rc4 54. Rxc4 dxc4 55. Nc6 c3 56. Nb4 a5 57. Nc2 Kd5 58. Kg2 Ke4 59. Kf2 Kd3 60. Ne3 c2 61. Nxc2 Kxc2 62. Kf3 b4 63. Kf4 a4 64. Kf5 b3 65. axb3 axb3 66. Kxf6 b2 0-1


[Site "https://www.chess.com"]

[Event "Titled Tuesday Blitz March 22 Early 2022"]
[White "Weetik, Vjacheslav"]
[Black "Vlassov, Nikolai"]
[WhiteFideId "4153472"]
[BlackFideId "4103360"]
[WhiteElo "2469"]
[BlackElo "2407"]
[Result "1-0"]
[Round "07"]
[TimeControl "180+1"]
[Date "2022.03.22"]
[WhiteClock "0:01:43"]
[BlackClock "0:01:13"]

1. Nf3 g6 2. e4 Bg7 3. d4 c5 4. d5 d6 5. Nc3 e6 6. Bb5+ Bd7 7. dxe6 Bxc3+ 8. bxc3 Bxb5 9. exf7+ Kxf7 10. c4 Bxc4 11. Ne5+ Kg7 12. Nxc4 Nf6 13. Bb2 Re8 14. O-O Rxe4 15. Nxd6 Rd4 16. Bxd4 Qxd6 17. Bc3 Qf4 18. Qd8 a5 19. Rfe1 Ra6 20. Re7+ Kh6 21. Bd2 1-0


[Site "https://www.chess.com"]

[Event "Titled Tuesday Blitz March 22 Early 2022"]
[White "Williams, Simon K"]
[Black "Fernandez, Daniel Howard"]
[WhiteFideId "404454"]
[BlackFideId "5801605"]
[WhiteElo "2468"]
[BlackElo "2466"]
[Result "0-1"]
[Round "07"]
[TimeControl "180+1"]
[Date "2022.03.22"]
[WhiteClock "0:00:17"]
[BlackClock "0:00:19"]

1. d4 Nf6 2. c4 e6 3. Nf3 Bb4+ 4. Nbd2 O-O 5. a3 Be7 6. g4 d5 7. Qc2 dxc4 8. g5 Nh5 9. Nxc4 Nc6 10. Qe4 Qd5 11. Qxd5 exd5 12. Nce5 Nxe5 13. Nxe5 c6 14. Bg2 f6 15. gxf6 Nxf6 16. Bf4 Bf5 17. e3 Be4 18. f3 Bf5 19. Bg3 Rae8 20. O-O Nh5 21. Bf2 Bd6 22. f4 Nf6 23. b4 Ne4 24. Bh4 Re6 25. Kh1 Rh6 26. Be1 g5 27. fxg5 Nxg5 28. Bg3 Ne4 29. Bf4 Rh4 30. Ra2 Bxe5 31. Bxe5 Bh3 32. Rxf8+ Kxf8 33. Ra1 Bxg2+ 34. Kxg2 Rg4+ 35. Kf3 h5 36. h3 Ng5+ 37. Kf2 Nxh3+ 38. Ke2 Ng5 39. Rf1+ Ke7 40. Rf6 Rg2+ 41. Kf1 Ra2 42. Rg6 Nf3 43. Rg7+ Ke6 44. Bf4 Nd2+ 45. Kg2 Ne4+ 46. Kh3 Rxa3 47. Rxb7 a5 48. b5 cxb5 49. Rxb5 a4 50. Kh4 Rb3 51. Ra5 a3 52. Kxh5 Nc3 53. Kg6 a2 54. Ra6+ Kd7 55. Kf6 Rb1 56. Ra7+ Kc6 0-1


[Site "https://www.chess.com"]

[Event "Titled Tuesday Blitz March 22 Early 2022"]
[White "Yang, Kaiqi"]
[Black "Ruge, Edison"]
[WhiteFideId "8604398"]
[BlackFideId "4401000"]
[WhiteElo "2373"]
[BlackElo "2175"]
[Result "1/2-1/2"]
[Round "07"]
[TimeControl "180+1"]
[Date "2022.03.22"]
[WhiteClock "0:00:03"]
[BlackClock "0:00:12"]

1. e4 e5 2. Nf3 Nc6 3. d4 exd4 4. Bc4 Nf6 5. e5 d5 6. Bb5 Ne4 7. Nxd4 Bd7 8. Bxc6 bxc6 9. O-O Bc5 10. f3 Ng5 11. Be3 Bb6 12. f4 Ne6 13. c3 c5 14. Nxe6 fxe6 15. a4 a5 16. Qh5+ g6 17. Qh6 Qe7 18. Nd2 O-O-O 19. Kh1 Bc6 20. Bf2 Qd7 21. Nb3 d4 22. c4 Bxa4 23. Nd2 Bc6 24. Bh4 Rde8 25. Bf6 Rhg8 26. Ra3 Bb7 27. Qh3 h5 28. Rfa1 Qc6 29. Nb3 Qe4 30. Nxa5 Qxf4 31. Nxb7 Kxb7 32. Qf3+ Qxf3 33. gxf3 Ra8 34. Kg2 Rxa3 35. Rxa3 Ra8 36. Rxa8 Kxa8 37. Kf2 Ka7 38. Ke2 Ka6 39. Kd3 Ka5 40. Bg5 Ka4 41. Kc2 Kb4 42. b3 Ka3 43. Bc1+ Ka2 44. Bd2 c6 45. Bg5 Ba5 46. h3 Bc7 47. f4 Ba5 48. Be7 Bb4 49. Bd6 d3+ 50. Kxd3 Kxb3 51. Be7 Kb2 52. Bg5 Kb3 53. Be7 Kb2 54. Bg5 Kb3 55. Be7 1/2-1/2


[Site "https://www.chess.com"]

[Event "Titled Tuesday Blitz March 22 Early 2022"]
[White "Yeletsky, Ivan"]
[Black "Sanal, Vahap"]
[WhiteFideId "24180327"]
[BlackFideId "6300545"]
[WhiteElo "2303"]
[BlackElo "2603"]
[Result "1-0"]
[Round "07"]
[TimeControl "180+1"]
[Date "2022.03.22"]
[WhiteClock "0:00:05"]
[BlackClock "0:00:13"]

1. c4 Nf6 2. Nc3 g6 3. e4 d6 4. d4 Bg7 5. Nf3 O-O 6. Be2 e5 7. d5 a5 8. Be3 Na6 9. Nd2 Ne8 10. g4 f5 11. gxf5 gxf5 12. exf5 Bxf5 13. Rg1 Kh8 14. Bg4 Bg6 15. Bh5 Bf5 16. Nde4 Qh4 17. Bg4 Qxh2 18. Kd2 Bh6 19. Bxf5 Rxf5 20. Qg4 Bxe3+ 21. Kd1 Rf8 22. Nf6 Qxg1+ 23. Qxg1 Bd4 24. Nfe4 Nf6 25. Ng5 Nc5 26. Ne2 Bxb2 27. Rb1 Nd3 28. Kc2 e4 29. Rxb2 Nxb2 30. Kxb2 Rae8 31. Ne6 Rf7 32. N2d4 Rg8 33. Qh2 Nd7 34. Ka3 Ne5 35. Qh5 Nxc4+ 36. Kb3 Ne5 37. Ng5 Rfg7 38. Nde6 Re7 39. a4 c6 40. Qh6 Ng4 41. Qh4 Ne5 42. Qf4 Nd7 43. Qe3 Nf6 44. Qd4 Rg6 45. Qc3 cxd5 46. Qc8+ Re8 47. Qc3 h6 48. Nf7+ Kh7 49. Nf4 Re7 50. Nxg6 Kxg6 51. Nxd6 Re6 52. Qg3+ Kh7 53. Nf5 Rb6+ 54. Kc2 Rc6+ 55. Kd1 Nh5 56. Qe5 Rg6 57. Qe7+ Ng7 58. Nxg7 Rxg7 59. Qd6 Rg5 60. Qc7+ Kg6 61. Qxb7 h5 62. Qb6+ Kf5 63. Qxa5 Kg4 64. Ke2 h4 65. Qd8 h3 66. Qd6 Kh4 67. Qf4+ Kh5 68. a5 d4 69. Qxe4 h2 70. Qh1 Re5+ 71. Kd2 Kg4 72. Qxh2 Rxa5 73. Qg3+ Kf5 74. Qf3+ Ke5 75. Qh5+ Ke4 76. Qxa5 d3 77. Qb4+ Kf3 78. Kxd3 1-0


[Site "https://www.chess.com"]

[Event "Titled Tuesday Blitz March 22 Early 2022"]
[White "Zaksaite, Salomeja"]
[Black "Piliczewski, Bogusz"]
[WhiteFideId "12801496"]
[BlackFideId "1104144"]
[WhiteElo "1953"]
[BlackElo "1896"]
[Result "1-0"]
[Round "07"]
[TimeControl "180+1"]
[Date "2022.03.22"]
[WhiteClock "0:02:33"]
[BlackClock "0:02:12"]

1. e4 c6 2. d4 d5 3. e5 c5 4. dxc5 e6 5. a3 Bxc5 6. Qg4 Kf8 7. b4 Bb6 8. Bb2 Nc6 9. Nf3 Nh6 10. Qf4 Qe7 11. Bd3 Bd7 12. Ng5 Bd8 13. Nxh7+ Kg8 14. Nf6+ gxf6 15. exf6 Qxf6 16. Bxf6 1-0


[Site "https://www.chess.com"]

[Event "Titled Tuesday Blitz March 22 Early 2022"]
[White "Zhigalko, Sergei"]
[Black "Sarana, Alexey"]
[WhiteFideId "13502956"]
[BlackFideId "24133795"]
[WhiteElo "2662"]
[BlackElo "2666"]
[Result "0-1"]
[Round "07"]
[TimeControl "180+1"]
[Date "2022.03.22"]
[WhiteClock "0:00:01"]
[BlackClock "0:00:20"]

1. e4 c5 2. c3 d5 3. exd5 Qxd5 4. d4 Nf6 5. Nf3 Nc6 6. dxc5 Qxc5 7. Na3 e5 8. Nb5 Qe7 9. Bg5 a6 10. Na3 h6 11. Be3 Be6 12. Nc4 Rd8 13. Qc2 Nd5 14. Be2 Nxe3 15. Nxe3 g6 16. Bc4 Bg7 17. Bxe6 Qxe6 18. Qb3 Qxb3 19. axb3 f5 20. Ke2 Ke7 21. Rhd1 Ke6 22. Nh4 Ne7 23. g4 f4 24. Nc4 g5 25. Nf3 Nd5 26. Ra5 e4 27. Nd4+ Kf7 28. Nf5 f3+ 29. Kf1 Nf4 30. Ncd6+ Kg6 31. Re1 h5 32. Ne7+ Kf6 33. Nxb7 Rd2 34. Nd5+ Nxd5 0-1


[Site "https://www.chess.com"]

[Event "Titled Tuesday Blitz March 22 Early 2022"]
[White "Agasarov, Benik"]
[Black "Molina, Roberto Junio Brito"]
[WhiteFideId "13314823"]
[BlackFideId "2109450"]
[WhiteElo "2561"]
[BlackElo "2432"]
[Result "0-1"]
[Round "08"]
[TimeControl "180+1"]
[Date "2022.03.22"]
[WhiteClock "0:00:37"]
[BlackClock "0:00:17"]

1. e4 c6 2. Nf3 d5 3. exd5 cxd5 4. Ne5 Nc6 5. Bb5 Bd7 6. Nxd7 Qxd7 7. d4 e6 8. c3 Nf6 9. O-O Be7 10. Nd2 O-O 11. Re1 a6 12. Bd3 b5 13. a3 Rab8 14. Nf3 a5 15. Bf4 Bd6 16. Ne5 Qc7 17. Qf3 Nd7 18. Qh3 g6 19. Bh6 Rfe8 20. f4 f5 21. Qg3 Nf8 22. Bxf8 Bxe5 23. Bh6 Bf6 24. h4 Kf7 25. Bg5 Ne7 26. Bxf6 Kxf6 27. Qg5+ Kf7 28. Qh6 Rh8 29. Re5 Ng8 30. Qg5 Nf6 31. Rae1 Rb6 32. h5 gxh5 33. Bxf5 Rg8 34. Bxe6+ Rxe6 35. Qf5 Rd6 36. Re6 Rg6 37. Qe5 Rd7 38. f5 Rh6 39. Qxc7 Rxc7 40. Rd6 Ng4 41. Rxd5 Rb6 42. Re6 Rcb7 43. Rxb6 Rxb6 44. Rc5 Kf6 45. g3 Ne3 46. Kf2 Nxf5 47. Kf3 h4 48. gxh4 Nd6 49. Kg4 Nc4 50. Rf5+ Ke6 51. b4 a4 52. d5+ Ke7 53. Kf4 Rh6 54. h5 Rf6 55. Rxf6 Kxf6 56. Ke4 Nxa3 57. Kd3 Ke5 58. d6 Kxd6 59. Kd2 Nc4+ 60. Kc1 h6 61. Kb1 Ke5 62. Ka2 Kf5 63. Kb1 Kg5 64. Kc2 Kxh5 65. Kb1 Kg4 66. Ka2 Kf4 67. Kb1 Ke4 68. Kc2 Kf3 69. Kb1 Ke3 70. Ka2 Ke2 71. Kb1 Kd3 72. Ka2 Kxc3 73. Kb1 Kxb4 74. Ka2 Kc5 75. Kb1 b4 76. Ka2 Kd4 77. Kb1 Kd3 78. Ka2 Kd2 79. Kb1 Ke2 80. Ka2 Ke3 81. Kb1 Nd6 82. Ka2 Ne4 83. Kb1 Nc5 84. Ka2 Ke2 85. Kb1 h5 86. Kb2 h4 87. Ka2 h3 88. Kb1 Ke1 89. Kb2 h2 90. Ka2 h1=N 91. Kb1 Kd2 92. Ka2 Nf2 93. Kb2 Nfe4 94. Ka2 Nd6 95. Kb1 Nb5 96. Ka1 Kd3 97. Kb2 Kc4 98. Kb1 Kb3 99. Ka1 Nd3 100. Kb1 Nb2 101. Ka1 Nc4 102. Kb1 Ka3 103. Ka1 b3 104. Kb1 Kb4 105. Ka1 Nb6 106. Kb1 Na3+ 107. Ka1 Nc2+ 108. Kb1 Ka3 109. Kc1 Ka2 110. Kd2 Kb2 111. Kd3 Nd5 112. Kd2 Ndb4 113. Kd1 a3 114. Kd2 a2 115. Ke2 a1=N 116. Kd2 Na3 117. Kd1 Kc3 118. Kc1 b2+ 119. Kd1 b1=N 120. Ke2 Nd5 121. Kf3 Kd4 122. Kg4 Ke5 123. Kh5 Kf5 124. Kh6 Nbc3 125. Kg7 Ke6 126. Kg8 Ne4 127. Kh8 Kf7 128. Kh7 Nf4 129. Kh8 N1c2 130. Kh7 Nd4 131. Kh6 Nc4 132. Kh7 Ne5 133. Kh6 Ng4+ 134. Kh7 Nf5 135. Kh8 Ng6+ 136. Kh7 Nef6# 0-1


[Site "https://www.chess.com"]

[Event "Titled Tuesday Blitz March 22 Early 2022"]
[White "Alinasab, Mobina"]
[Black "Hnydiuk, Aleksander"]
[WhiteFideId "12528897"]
[BlackFideId "1109057"]
[WhiteElo "2052"]
[BlackElo "2374"]
[Result "1-0"]
[Round "08"]
[TimeControl "180+1"]
[Date "2022.03.22"]
[WhiteClock "0:01:29"]
[BlackClock "0:00:53"]

1. e4 Nc6 2. Nf3 g6 3. d4 Bg7 4. d5 Nb4 5. a3 Na6 6. Nc3 f5 7. exf5 gxf5 8. Nh4 e6 9. Qh5+ Kf8 10. Bf4 Nc5 11. d6 Bxc3+ 12. bxc3 Qf6 13. O-O-O e5 14. Bg5 Qe6 15. Nxf5 Ne4 16. Be7+ Nxe7 17. dxe7+ 1-0


[Site "https://www.chess.com"]

[Event "Titled Tuesday Blitz March 22 Early 2022"]
[White "Al-Tarboush, Ward"]
[Black "Danilenko, Dmitriy"]
[WhiteFideId "7601450"]
[BlackFideId "14120844"]
[WhiteElo "2276"]
[BlackElo "2606"]
[Result "0-1"]
[Round "08"]
[TimeControl "180+1"]
[Date "2022.03.22"]
[WhiteClock "0:00:01"]
[BlackClock "0:00:37"]

1. d4 f5 2. Nf3 Nf6 3. g3 g6 4. Bg2 Bg7 5. O-O O-O 6. c4 d6 7. Nbd2 Qe8 8. d5 a5 9. Nb3 a4 10. Nbd4 Na6 11. b3 Nc5 12. Bb2 Bd7 13. b4 Nce4 14. a3 c6 15. Ne6 Bxe6 16. dxe6 Qc8 17. Nd4 Ng5 18. b5 c5 19. h4 Nge4 20. Nf3 Qxe6 21. Ng5 Nxg5 22. Bxf6 Nh3+ 23. Bxh3 Qxf6 24. Rb1 Kh8 25. Qd5 b6 26. Rbd1 f4 27. Rd3 Qe5 28. Bg2 Rab8 29. g4 Qxe2 30. h5 Qxg4 31. hxg6 Qxg6 32. Kh1 Rf5 33. Qc6 Rh5+ 34. Rh3 Rf8 35. Re1 f3 36. Bf1 Rxh3+ 37. Bxh3 Qh5 38. Qd7 Bf6 39. Rg1 Rg8 40. Rxg8+ Kxg8 41. Qe6+ Kg7 42. Kg1 Qg5+ 43. Qg4 Qxg4+ 44. Bxg4 Bb2 45. Bxf3 Bxa3 46. Bd1 Kf6 47. Bxa4 Ke5 48. Bc2 Kd4 49. Bxh7 Kxc4 50. Be4 Kxb5 0-1


[Site "https://www.chess.com"]

[Event "Titled Tuesday Blitz March 22 Early 2022"]
[White "Andreikin, Dmitry"]
[Black "Svane, Rasmus"]
[WhiteFideId "4158814"]
[BlackFideId "4657101"]
[WhiteElo "2736"]
[BlackElo "2645"]
[Result "1-0"]
[Round "08"]
[TimeControl "180+1"]
[Date "2022.03.22"]
[WhiteClock "0:00:37"]
[BlackClock "0:00:05"]

1. d4 Nf6 2. Nf3 d5 3. c4 e6 4. g3 Be7 5. Bg2 O-O 6. O-O dxc4 7. Qc2 a6 8. a4 Bd7 9. Qxc4 Bc6 10. Bf4 Bd6 11. Qc1 Nbd7 12. a5 Rc8 13. Nc3 Qe7 14. Rd1 Rfe8 15. Bg5 h6 16. Bxf6 Nxf6 17. e3 Bxf3 18. Bxf3 c6 19. Qb1 Red8 20. Ra4 Rd7 21. Qa2 Rcd8 22. Ne4 Nxe4 23. Bxe4 Qf6 24. Qb3 Bf8 25. Raa1 g6 26. Kg2 Bg7 27. h4 h5 28. Rd3 Qe7 29. Rad1 Rc8 30. Qc4 Qd8 31. b4 Qe7 32. f4 Bf8 33. Rb1 Rcd8 34. Rc3 Qf6 35. Rc2 Be7 36. Qe2 Bd6 37. Rc4 Bf8 38. Rh1 Qg7 39. Bf3 f5 40. Rb1 Qf6 41. Bxc6 bxc6 42. Rxc6 Rd6 43. Qxa6 Qf7 44. b5 e5 45. Rbc1 exd4 46. exd4 Qd5+ 47. Kh3 Qxd4 48. Rxd6 Rxd6 49. b6 Kh7 50. Qb7+ Bg7 51. Rc7 Qa1 52. Rxg7+ Qxg7 53. Qxg7+ Kxg7 54. b7 Rd5 55. b8=Q Rxa5 56. Qc7+ 1-0


[Site "https://www.chess.com"]

[Event "Titled Tuesday Blitz March 22 Early 2022"]
[White "Aravindh, Chithambaram VR."]
[Black "Deac, Bogdan-Daniel"]
[WhiteFideId "5072786"]
[BlackFideId "1226380"]
[WhiteElo "2561"]
[BlackElo "2646"]
[Result "1/2-1/2"]
[Round "08"]
[TimeControl "180+1"]
[Date "2022.03.22"]
[WhiteClock "0:00:10"]
[BlackClock "0:00:06"]

1. b3 d5 2. Bb2 c5 3. e3 a6 4. Nf3 Nc6 5. d4 Bg4 6. dxc5 Qa5+ 7. Nc3 Nf6 8. a3 Qxc5 9. Be2 Rd8 10. O-O g6 11. h3 Bf5 12. g4 Be6 13. Na4 Qd6 14. g5 Bxh3 15. gxf6 e5 16. c4 Qxf6 17. cxd5 Qf5 18. Kh1 e4 19. Nh2 Rxd5 20. Bg4 Qg5 21. Bxh3 Rxd1 22. Raxd1 Rg8 23. Bd7+ Ke7 24. Nb6 Bg7 25. Rd5 Qh4 26. Bxg7 Rxg7 27. Bxc6 bxc6 28. Nc8+ Ke8 29. Rd4 Qh3 30. Rfd1 Qxc8 31. Rxe4+ Kf8 32. Kg2 f5 33. Red4 Qc7 34. Rd8+ Ke7 35. Rh8 g5 36. Nf3 f4 37. e4 g4 38. Nd4 f3+ 39. Kg1 Kf6 40. Rf8+ Rf7 41. Rg8 Rg7 42. Rf8+ Rf7 43. Rg8 Qf4 44. Nf5 h5 45. Nd6 Re7 46. Rf8+ Ke5 47. Nc4+ Kxe4 48. Nd6+ Ke5 49. Nc4+ Ke4 50. Rxf4+ Kxf4 51. Ne3 Re4 52. Rd6 g3 53. Rf6+ Kg5 54. Rxf3 h4 55. Rf5+ Kg6 56. Kg2 Rxe3 57. Rc5 Re2 58. Rxc6+ Kf5 59. Rc5+ Kg4 60. Rc4+ Kg5 61. Kh3 Rxf2 62. Rg4+ Kf5 63. Rxh4 g2 64. Kh2 Rb2 65. Rb4 a5 66. Rb5+ Kf4 67. Rxa5 Rxb3 68. Kxg2 Ke4 69. Kf2 Kd4 70. Ra4+ Kc5 71. Rb4 Rxa3 72. Rf4 Rb3 73. Rf3 Rb2+ 74. Kg3 Kd4 75. Rf4+ Ke3 76. Rf3+ Ke4 77. Rf4+ Ke5 78. Rf2 Rb1 79. Kg2 Ke4 80. Rf1 Rb2+ 81. Rf2 Rxf2+ 82. Kxf2 1/2-1/2


[Site "https://www.chess.com"]

[Event "Titled Tuesday Blitz March 22 Early 2022"]
[White "Artemenko, Oleg"]
[Black "Krzywda, Andrzej"]
[WhiteFideId "14201798"]
[BlackFideId "1114565"]
[WhiteElo "2287"]
[BlackElo "2098"]
[Result "1-0"]
[Round "08"]
[TimeControl "180+1"]
[Date "2022.03.22"]
[WhiteClock "0:01:37"]
[BlackClock "0:00:05"]

1. d4 Nf6 2. Nc3 d5 3. Bf4 g6 4. Qd2 Bg7 5. O-O-O c6 6. Bh6 Bxh6 7. Qxh6 Qd6 8. f3 Bf5 9. g4 Be6 10. h4 Nbd7 11. h5 O-O-O 12. Nh3 Qb4 13. Nf4 Nb6 14. e3 Bxg4 15. fxg4 Nxg4 16. Bh3 f5 17. Bxg4 fxg4 18. hxg6 hxg6 19. Qxg6 Nc4 20. Qxg4+ Kb8 21. Nd3 Qa5 22. Qg3+ Ka8 23. Rxh8 Rxh8 24. Rg1 a6 25. Ne5 Nxb2 26. Kxb2 Qb4+ 27. Kc1 Qxc3 28. Nd7 Ka7 29. Qe1 Qa1+ 30. Kd2 Rh2+ 31. Kd3 Qxa2 32. Qc3 b6 33. Qxc6 Qa3+ 34. c3 1-0


[Site "https://www.chess.com"]